 Dungeon Crawl Stone Soup version 0.20.1-1-g8b1a95d (console) character file.

14282 hilaritas the Grappler (level 11, -4/163 HPs)
             Began as a Troll Fighter on Nov 30, 2017.
             Was a Believer of Uskayaw.
             Slain by Frances
             ... wielding a +0 war axe
              (10 damage)
             ... on level 12 of the Dungeon.
             The game lasted 00:27:06 (9739 turns).

hilaritas the Grappler (Troll Fighter)              Turns: 9739, Time: 00:27:08

Health: -4/163     AC: 25    Str: 27    XL:     11   Next: 86%
Magic:  12/15      EV:  1    Int:  6    God:    Uskayaw [**....]
Gold:   522        SH: 11    Dex:  9    Spells: 10/10 levels left

rFire    + . .     SeeInvis .     - Unarmed
rCold    . . .     Gourm    +   b - +0 shield
rNeg     + + +     Faith    .   (armour currently unavailable)
rPois    +         Spirit   .   (helmet currently unavailable)
rElec    .         Reflect  .   (cloak currently unavailable)
rCorr    .         Harm     .   (gloves unavailable)
MR       +....     NoTele   +   (boots unavailable)
Stlth    +.........             (no amulet)
Regen    0.8/turn               H - ring of protection from fire
MPRegen  0.2/turn               v - ring of protection from magic

@: tree-form
A: unfitting armour, fast metabolism 3, gourmand, regeneration 1
a: Stomp, Line Pass, Renounce Religion


You were on level 12 of the Dungeon.
You worshipped Uskayaw.
Uskayaw was noncommittal.
You were completely stuffed.
You were a tree.
You visited 2 branches of the dungeon, and saw 13 of its levels.

You collected 522 gold pieces.

Inventory:

Hand Weapons
 O - a +4 scimitar of flaming
Missiles
 K - 3 large rocks (quivered)
Armour
 b - a +0 shield (worn)
 y - a +2 robe of magic resistance
 A - a +0 cloak (melded)
 D - a +1 large shield
 L - +0 acid dragon scales (melded)
Jewellery
 j - a +6 ring of dexterity
 t - an uncursed ring of resist corrosion
 v - a ring of protection from magic (right branch)
 H - a ring of protection from fire (left branch)
Wands
 n - a wand of clouds (8/9)
 B - a wand of random effects (34/48)
 I - a wand of acid (12/15)
 Q - a wand of flame (17/48)
Scrolls
 e - 3 scrolls of blinking
 f - 5 scrolls of identify
 q - 8 scrolls of teleportation
 s - 3 scrolls of fear
 w - 8 scrolls of remove curse
 J - 2 scrolls of amnesia
 M - 2 scrolls of enchant weapon
 N - 3 scrolls of enchant armour
Potions
 c - 3 potions of might
 i - a potion of resistance {unknown}
 l - 2 potions of brilliance
 o - a potion of magic {unknown}
 p - 2 potions of heal wounds
 u - a potion of flight {unknown}
 x - a potion of mutation {unknown}
 z - a potion of invisibility {unknown}
 E - a potion of berserk rage {unknown}
 F - a potion of agility {unknown}
 P - a potion of curing
Books
 a - a book of Changes

   Spells                             Type                      Level
   a - Beastly Appendage              Transmutation                1
   b - Sticks to Snakes               Transmutation                2
   c - Spider Form                    Transmutation/Poison         3
   d - Ice Form                       Ice/Transmutation            4
   e - Blade Hands                    Transmutation                5
Miscellaneous
 g - a sack of spiders
 G - a phial of floods
Comestibles
 d - 8 bread rations
 k - 9 meat rations
 m - 8 fruits
 r - 15 royal jellies
 C - 2 chunks of flesh


   Skills:
 * Level 7.6 Fighting
 * Level 5.8 Armour
 - Level 2.4 Dodging
 - Level 9.0 Shields
 - Level 10.0 Unarmed Combat
 * Level 6.9 Invocations


You had 10 spell levels left.
You didn't know any spells.

Dungeon Overview and Level Annotations

Branches:
Dungeon (12/15)            Temple (1/1) D:4            Lair (0/6) D:10
    Orc (0/2) D:11

Altars:
Ashenzari
Cheibriados
Dithmenos
Elyvilon
Fedhas
Hepliaklqana
Kikubaaqudgha
Makhleb
Nemelex Xobeh
Okawaru
Qazlal
Ru
Trog
Uskayaw
Vehumet
Xom
Yredelemnul
Zin
The Shining One
Beogh

Annotations:
D:12 Frances


Innate Abilities, Weirdness & Mutations

You are too large for most types of armour.
((You have claws for hands.))
Your metabolism is lightning-fast.
You like to eat raw meat.
Your natural rate of healing is unusually fast.
((You are covered in fur. (AC +1)))
((You have very tough skin. (AC +2)))


Message History

You scratch Frances but do no damage.
Frances is lightly wounded.
Frances hits you with a war axe!! The orc hits you but does no damage.
You scratch Frances but do no damage.
Frances is lightly wounded.
You block Frances's attack. The orc hits you with a whip.
You stomp with the beat, sending a shockwave through the revelers around you!
Frances is moderately wounded.
You kill the orc!
You feel somewhat less full. Frances hits you with a war axe!!
* * * LOW HITPOINT WARNING * * *
Unknown command.
You turn into a tree.
Your +0 cloak melds into your body.
Your +0 acid dragon scales melds into your body.
Your roots penetrate the ground.
Frances mutters in a terrible tongue.
Helpless, you fail to dodge the iron shot.
* * * LOW HITPOINT WARNING * * *
The yak completely misses you. Frances hits you with a war axe!
You die...

#.# ##### #.# ###.... #.#
#####...#.. #.#
####...[.##..#
#.###....######.##
######.....#### ##...#
#.......#########.>###
#....#.######.....##
####...###....#####
###.Y4#.#### #♣#.#.# #
#@#...# #### ..#
#{#...### ##....
...#####o..#...##...#
#......44.####....##
#.##..Y.#######...#####
##.........)<.......
......)..H..########.....
#....<......# ####
####!.....#.#
.....#...4..


You could see Frances, a hellwing, a hippogriff (wandering), 2 yaks, 2 chaos
spawn and an orc wizard.

Vanquished Creatures
  2 two-headed ogres
  The ghost of damerell the Tainter, a journeyman OpVM (D:10)
  Erica (D:11)
  A tengu warrior (D:12)
  The ghost of Regeox the Cleaver, a novice HOCK of Okawaru (D:5)
  An ugly thing (D:11)
  A cyclops (D:11)
  Maurice (D:8)
  A manticore (D:11)
  A tengu conjurer (D:12)
  2 trolls
  3 hornets (D:9)
  A hippogriff (D:7)
  A shadow (D:8)
  The ghost of birkhead the Skirmisher, an amateur VSFi (D:3)
  A wyvern (D:7)
  A vampire (D:10)
  Sigmund (D:4)
  A wraith (D:11)
  5 yaks
  A steam dragon (D:4)
  A hungry ghost (D:8)
  Menkaure (D:7)
  Edmund (D:4)
  2 water moccasins
  A soldier ant (D:9)
  Duvessa (D:6)
  2 acid dragons
  3 porcupines (D:10)
  4 orc warriors
  An ice beast (D:11)
  A phantom (D:3)
  2 black bears
  5 sky beasts
  3 centaurs
  6 ogres
  2 big kobolds
  Blork the orc (D:6)
  4 bullfrogs
  Dowan (D:6)
  A water moccasin zombie (D:6)
  4 scorpions
  2 wyvern skeletons
  2 wights (D:8)
  5 howler monkeys
  2 bullfrog zombies
  4 crimson imps
  A quasit (D:8)
  Crazy Yiuf (D:7)
  6 jellies
  4 hounds
  7 orc priests
  2 bullfrog skeletons
  2 centaur skeletons
  4 iguanas
  11 orc wizards
  7 worker ants
  A hound skeleton (D:5)
  A howler monkey zombie (D:7)
  8 adders
  2 shadow imps
  11 oozes
  An adder zombie (D:9)
  A worm (D:4)
  2 dart slugs (D:1)
  6 leopard geckos
  26 orcs
  5 giant cockroaches
  9 goblins
  7 hobgoblins
  20 jackals
  24 kobolds
  4 quokkas
  3 ball pythons
  5 bats
  2 frilled lizards
  A jackal zombie (D:9)
  A leopard gecko skeleton (D:5)
  A quokka zombie (D:6)
  12 rats
289 creatures vanquished.

Vanquished Creatures (others)
  A wizard (D:10)
  A fungus (D:10)
  A plant (D:10)
  7 toadstools (D:4)
10 creatures vanquished.

Grand Total: 299 creatures vanquished

Notes
Turn   | Place    | Note
-------+----------+-------------------------------------------
     0 | D:1      | hilaritas the Troll Fighter began the quest for the Orb.
     0 | D:1      | Reached XP level 1. HP: 22/22 MP: 0/0
   141 | D:1      | Reached XP level 2. HP: 25/29 MP: 1/1
  1045 | D:2      | Reached XP level 3. HP: 36/36 MP: 2/2
  1462 | D:2      | Reached skill level 3 in Unarmed Combat
  1827 | D:3      | Noticed a phantom
  1860 | D:3      | Killed a phantom
  1860 | D:3      | Reached skill level 4 in Unarmed Combat
  1860 | D:3      | Reached XP level 4. HP: 32/44 MP: 3/3
  1860 | D:3      | Reached XP level 5. HP: 38/52 MP: 4/4
  2020 | D:3      | Noticed birkhead's ghost (amateur VSFi)
  2027 | D:3      | Killed birkhead's ghost
  2027 | D:3      | Reached skill level 5 in Unarmed Combat
  2027 | D:3      | Reached XP level 6. HP: 53/61 MP: 5/5
  2259 | D:3      | You fall through a shaft for 3 floors!
  2301 | D:6      | Reached skill level 6 in Unarmed Combat
  2312 | D:5      | Entered Level 5 of the Dungeon
  2486 | D:5      | Found a radiant altar of Vehumet.
  2843 | D:4      | Reached XP level 7. HP: 65/67 MP: 6/6
  2852 | D:4      | Found a staircase to the Ecumenical Temple.
  2867 | Temple   | Entered the Ecumenical Temple
  3042 | Temple   | Became a worshipper of Uskayaw the Reveler
  3155 | D:4      | Noticed Edmund
  3159 | D:4      | Noticed a steam dragon
  3165 | D:4      | Reached * piety under Uskayaw
  3174 | D:4      | Killed Edmund
  3175 | D:4      | Reached ** piety under Uskayaw
  3180 | D:4      | Killed a steam dragon
  3180 | D:4      | Reached skill level 7 in Unarmed Combat
  3180 | D:4      | Reached skill level 1 in Invocations
  3180 | D:4      | Reached *** piety under Uskayaw
  3541 | D:4      | Noticed Sigmund
  3594 | D:4      | Killed Sigmund
  3594 | D:4      | Reached skill level 8 in Unarmed Combat
  3594 | D:4      | Reached XP level 8. HP: 38/75 MP: 6/8
  3715 | D:4      | Reached **** piety under Uskayaw
  3719 | D:4      | Reached ***** piety under Uskayaw
  4020 | D:5      | Noticed Regeox's ghost (novice HOCK)
  4031 | D:5      | Killed Regeox's ghost
  4031 | D:5      | Reached skill level 9 in Unarmed Combat
  4202 | D:5      | Found a glowing golden altar of the Shining One.
  4324 | D:5      | Reached XP level 9. HP: 84/84 MP: 9/9
  4727 | D:6      | Reached skill level 10 in Unarmed Combat
  4779 | D:6      | Noticed Duvessa
  4780 | D:6      | Noticed Dowan
  4787 | D:6      | Killed Duvessa
  4787 | D:6      | Reached skill level 1 in Armour
  4795 | D:6      | Killed Dowan
  4795 | D:6      | Reached skill level 5 in Shields
  4962 | D:6      | Found a shimmering altar of Xom.
  5066 | D:6      | Noticed Blork the orc
  5077 | D:6      | Killed Blork the orc
  5463 | D:7      | Found a runed door.
  5508 | D:7      | Noticed Menkaure
  5512 | D:7      | Killed Menkaure
  5825 | D:7      | Noticed Crazy Yiuf
  5828 | D:7      | Killed Crazy Yiuf
  5837 | D:7      | Got a dazzling mace
  5838 | D:7      | Identified the +5 mace "Oqaafam" {venom, Dex+3} (You found it on level 7 of the Dungeon)
  5883 | D:7      | Reached skill level 5 in Fighting
  5934 | D:8      | Reached XP level 10. HP: 96/96 MP: 12/12
  6112 | D:8      | Found an iron altar of Okawaru.
  6251 | D:8      | Noticed Maurice
  6261 | D:8      | Killed Maurice
  6261 | D:8      | Reached skill level 5 in Invocations
  7013 | D:9      | Paralysed by a hornet for 3 turns
  7019 | D:9      | Paralysed by a hornet for 1 turns
  7393 | D:10     | Entered Level 10 of the Dungeon
  7407 | D:10     | Noticed damerell's ghost (journeyman OpVM)
  7420 | D:10     | Killed damerell's ghost
  7635 | D:10     | Reached XP level 11. HP: 84/105 MP: 14/14
  7669 | D:10     | Found a bloodstained altar of Trog.
  7670 | D:10     | Noticed a wizard
  7676 | D:10     | Killed a wizard
  7890 | D:10     | Noticed a two-headed ogre
  7898 | D:10     | Killed a two-headed ogre
  8353 | D:10     | Found a staircase to the Lair.
  8533 | D:11     | Found a glowing silver altar of Zin.
  8592 | D:11     | Noticed a purple ugly thing
  8599 | D:11     | Killed a purple ugly thing
  8846 | D:11     | Noticed Erica
  8851 | D:11     | Noticed a two-headed ogre
  8860 | D:11     | Killed Erica
  8860 | D:11     | Reached skill level 5 in Armour
  8864 | D:11     | Killed a two-headed ogre
  9101 | D:11     | Found a staircase to the Orcish Mines.
  9105 | D:11     | Found a roughly hewn altar of Beogh.
  9652 | D:12     | Noticed a tengu warrior
  9662 | D:12     | Killed a tengu warrior
  9719 | D:12     | Noticed Frances
  9739 | D:12     | HP: 6/163 [Frances/iron shot (35)]
  9739 | D:12     | Slain by Frances

Skill      XL: |  1  2  3  4  5  6  7  8  9 10 11 |
---------------+----------------------------------+-----
Unarmed Combat | 4 5 6 8 9 10 | 10.0
Shields        | 3 4 5 7 9 |  9.0
Fighting       | 3 5 6 7 |  7.6
Invocations    | 1 2 4 5 6 |  6.9
Armour         | 3 4 5 |  5.8
Dodging        | |  2.4

Action                   |  1- 3 |  4- 6 |  7- 9 | 10-12 || total
-------------------------+-------+-------+-------+-------++-------
Melee: Unarmed           |   156 |    64 |   312 |   398 ||   930
Invok: Stomp             |       |       |       |     5 ||     5
       Line Pass         |       |       |       |     1 ||     1
  Use: Scroll            |       |       |    10 |     9 ||    19
       Potion            |       |       |     1 |     4 ||     5
 Stab: Sleeping          |     1 |       |     2 |     1 ||     4
       Paralysed         |       |       |     6 |    14 ||    20
       Distracted        |       |       |     1 |       ||     1
  Eat: Chunk             |    22 |    10 |    27 |    42 ||   101
Armor: Robe              |    36 |    13 |    48 |    53 ||   150
       Skin              |       |       |       |     3 ||     3
       Acid dragon scale |       |       |       |    45 ||    45
Dodge: Dodged            |    57 |    16 |    68 |   106 ||   247
Block: Shield            |    47 |    19 |   144 |   162 ||   372
